Map: Goldenaura LE

Players

IIIIIIlllIII

  • Race: Terran Terran
  • League: Diamond
  • Spawn Location: 5:00

A.I. 1 (Medium) - Winner!

  • Race: Protoss Protoss
  • Spawn Location: 12:00

VOD

https://www.youtube.com/watch?v=6NQv54Uc_10

Description

TvP planetary fortress rush build with >50% win rate in diamond/masters mmr, but likely viable at any mmr.

Time

  • Played on: Jan. 1, 2024, 8:48 p.m.
  • Length: 5:08
Show
View Real Time Build Order
Export as new Build Order

IIIIIIlllIII Terran 

Build Orders: Command Center First 

Get SALT Encoding   

  12  0:00  SCV  
  13  0:12  SCV  
  14  0:17  Supply Depot  
  14  0:24  SCV  
  15  0:38  SCV  
  16  0:50  SCV  
  17  1:00  Command Center  
  17  1:03  SCV  
  18  1:20  Barracks, SCV  
  18  1:25  Refinery  
  19  1:29  Refinery  
  19  1:32  SCV  
  20  1:44  SCV  
  21  1:48  Engineering Bay  
  21  1:56  SCV  
  22  2:08  Orbital Command  
  22  2:22  Factory  
  22  2:29  Marine  
  23  2:36  SCV  
  24  2:48  Engineering Bay  
  24  2:53  Planetary Fortress  
  23  3:01  SCV  
  24  3:06  Cyclone  
  24  3:12  Starport  
  26  3:13  SCV  
  27  3:26  Command Center  
  27  3:29  SCV  
  27  3:32  SCV  
  29  3:39  Cyclone  
  29  3:41  SCV  
  32  3:46  SCV  
  33  3:51  Starport Tech Lab  
  33  3:53  SCV  
  34  3:59  Starport  
  34  4:06  Missile Turret  
  34  4:08  SCV  
  35  4:11  SCV  
  36  4:19  Cyclone  
  38  4:33  Supply Depot  
  38  4:37  Supply Depot  
  41  4:40  Supply Depot  
  41  4:47  Starport Tech Lab  
Show
View Real Time Build Order
Export as new Build Order

A.I. 1 (Medium) Protoss - Winner!

Build Orders:  

Get SALT Encoding   

  12  0:00  Probe  
  13  0:13  Probe  
  14  0:20  Pylon  
  14  0:25  Probe  
  15  0:34  Probe  
  15  0:42  Probe  
  16  0:47  Assimilator  
  17  0:51  Gateway  
  17  0:52  Probe  
  18  0:59  Pylon  
  18  1:29  Gateway  
  18  1:33  Assimilator  
  18  1:43  Cybernetics Core  
  18  1:44  Zealot  
  20  2:03  Zealot  
  20  2:05  Pylon  
  22  2:19  Warp Gate  
  22  2:23  Adept  
  24  2:37  Adept  
  26  2:50  Pylon  
  26  2:53  Adept  
  26  2:54  Probe  
  29  3:06  Probe  
  29  3:07  Adept  
  32  3:16  Forge  
  32  3:18  Probe  
  33  3:23  Stalker  
  35  3:27  Probe  
  36  3:35  Probe  
  36  3:37  Adept  
  39  3:44  Probe  
Tags
 
Add a new tag
Caveats
  • Supply blocks, unpowered buildings, or Contaminate may cause inaccurate times.
  • Supply counts are checked every 10 seconds.